 Dungeon Crawl Stone Soup version 0.30-a0-728-gc68057be0a (webtiles) character file.

Game seed: 1812037642769423936

2510334 browni3141 the Black Lotus (level 27, 160/160 HPs)
             Began as a Vine Stalker Fighter on Jan 31, 2023.
             Was the Champion of Nemelex Xobeh.
             Escaped with the Orb
             ... and 4 runes!
             The game lasted 02:45:08 (65078 turns).

browni3141 the Black Lotus (Vine Stalker Fighter)  Turns: 65078, Time: 02:45:08

Health: 160/160    AC: 54    Str: 49    XL:     27
Magic:  41/41      EV: 16    Int: 13    God:    Nemelex Xobeh [******]
Gold:   5909       SH:  5    Dex: 24    Spells: 26/26 levels left

rFire   + + .      SeeInvis +    a - +11 bardiche of the Imbibing Gods {speed, *Noise rC+ rCorr Str+3}
rCold   + . .      Faith    .    (shield currently unavailable)
rNeg    + + +      Spirit   +    i - +13 crystal plate armour {rC+}
rPois   .          Reflect  +    q - +2 helmet of Integrity {rF- rC+ Str+5 SInv}
rElec   .          Harm     .    L - +1 cloak of Truth {-Cast rCorr Str+8 SInv}
rCorr   +          Rampage  .    r - +1 pair of gloves of Absolutism {rF+}
Will    +++++      NoCast   +    t - +1 pair of boots of Dramatic Exits {rN+++ Str-2 Dex+3} Stlth
                                 m - amulet "Symuim" {Reflect Int+4 Dex+6 SH+5}
HPRegen 1.26/turn                Z - ring of Irahielo {Fire Str+5}
MPRegen 0.27/turn                G - ring of the Heavens {Fire rN++ Will+++ Str-2 Int+3}

@: no status effects
A: fangs 3, regeneration 1, magic shield, antimagic bite, no potion heal 2,
deterioration 1, dopey 1, subdued magic 1
0: Orb of Zot
}: 4/15 runes: serpentine, barnacled, slimy, silver
a: Renounce Religion, Draw Escape, Draw Destruction, Draw Summoning, Triple
Draw, Deal Four, Stack Five


You escaped.
You worshipped Nemelex Xobeh.
Nemelex Xobeh was exalted by your worship.
You visited 13 branches of the dungeon, and saw 57 of its levels.
You also visited: Ice Cave and Wizlab.

You collected 8957 gold pieces.
You spent 3048 gold pieces at shops.

Inventory:

Hand Weapons
 a - the +11 bardiche of the Imbibing Gods (weapon) {speed, *Noise rC+ rCorr Str+3}
   (You acquired it on level 4 of the Dungeon)

   Str:       It affects your strength (+3).
   rC:        It protects you from cold.
   *Noise:    It may make noises in combat.
   rCorr:     It protects you from acid and corrosion.
Missiles
 b - 6 curare-tipped darts
 w - 3 throwing nets
 O - 21 atropa-tipped darts
Armour
 i - a +13 crystal plate armour of cold resistance (worn)
 q - the +2 helmet of Integrity (worn) {rF- rC+ Str+5 SInv}
   (You found it on level 5 of the Vaults)

   Str:       It affects your strength (+5).
   rF:        It makes you vulnerable to fire.
   rC:        It protects you from cold.
   SInv:      It lets you see invisible.
 r - the +1 pair of gloves of Absolutism (worn) {rF+}
   (You found it on level 3 of the Dungeon)

   rF:        It protects you from fire.
 t - the +1 pair of boots of Dramatic Exits (worn) {rN+++ Str-2 Dex+3}
   (You found it on level 3 of the Elven Halls)

   Str:       It affects your strength (-2).
   Dex:       It affects your dexterity (+3).
   rN:        It renders you almost immune to negative energy.
 L - the +1 cloak of Truth (worn) {-Cast rCorr Str+8 SInv}
   (You found it in a wizard's laboratory)

   Str:       It affects your strength (+8).
   SInv:      It lets you see invisible.
   -Cast:     It prevents spellcasting.
   rCorr:     It protects you from acid and corrosion.
 M - the +2 cloak of Ennui {rElec rF+ rC- Dex+6}
   (You found it on level 5 of the Lair of Beasts)

   Dex:       It affects your dexterity (+6).
   rF:        It protects you from fire.
   rC:        It makes you vulnerable to cold.
   rElec:     It insulates you from electricity.
Jewellery
 m - the amulet "Symuim" (around neck) {Reflect Int+4 Dex+6 SH+5}
   (You found it on level 4 of the Snake Pit)

   [amulet of reflection]

   It reflects blocked missile attacks.
   Int:       It affects your intelligence (+4).
   Dex:       It affects your dexterity (+6).
   SH:        It affects your SH (+5).
 z - the ring of Freedom {rN+ Str+6 Dex+5 SInv}
   (You found it on level 1 of the Realm of Zot)

   [ring of strength]

   Str:       It affects your strength (+6).
   Dex:       It affects your dexterity (+5).
   rN:        It protects you from negative energy.
   SInv:      It lets you see invisible.
 A - the ring of Beomnyasch {Ice rPois}
   (You found it in a wizard's laboratory)

   [ring of ice]

   It enhances your ice magic.
   rF:        It makes you vulnerable to fire.
   rC:        It protects you from cold.
   rPois:     It protects you from poison.
 G - the ring of the Heavens (right hand) {Fire rN++ Will+++ Str-2 Int+3}
   (You took it off an ironbound thunderhulk in a wizard's laboratory)

   [ring of fire]

   It enhances your fire magic.
   Str:       It affects your strength (-2).
   Int:       It affects your intelligence (+3).
   rF:        It protects you from fire.
   rC:        It makes you vulnerable to cold.
   rN:        It greatly protects you from negative energy.
   Will:      It greatly increases your willpower.
 H - the ring "Gacupleb" {Ice rElec Str+3}
   (You took it off a deep elf zephyrmancer on level 3 of the Elven Halls)

   [ring of ice]

   It enhances your ice magic.
   Str:       It affects your strength (+3).
   rF:        It makes you vulnerable to fire.
   rC:        It protects you from cold.
   rElec:     It insulates you from electricity.
 V - a ring of flight
 Z - the ring of Irahielo (left hand) {Fire Str+5}
   (You took it off a skeletal warrior on level 12 of the Dungeon)

   [ring of fire]

   It enhances your fire magic.
   Str:       It affects your strength (+5).
   rF:        It protects you from fire.
   rC:        It makes you vulnerable to cold.
Wands
 d - a wand of quicksilver (34)
 p - a wand of roots (67)
 u - a wand of digging (4)
 R - a wand of charming (16)
Scrolls
 e - 12 scrolls of fog
 g - 6 scrolls of silence
 h - 32 scrolls of teleportation
 o - 9 scrolls of blinking
 s - 21 scrolls of vulnerability
 y - 15 scrolls of magic mapping
 C - 8 scrolls of torment
 D - 9 scrolls of fear
 N - 11 scrolls of poison
 T - 2 scrolls of summoning
 W - 9 scrolls of immolation
Potions
 c - 5 potions of resistance
 f - 12 potions of curing
 j - 12 potions of lignification
 k - 12 potions of degeneration
 x - 10 potions of brilliance
 B - 7 potions of berserk rage
 E - 9 potions of attraction
 F - 5 potions of ambrosia
 I - 15 potions of cancellation
 K - 11 potions of heal wounds
 P - 5 potions of magic
 Q - 11 potions of mutation
 S - 4 potions of haste
 X - a potion of invisibility
 Y - 4 potions of might
Miscellaneous
 l - a lightning rod (4/4)
 n - a condenser vane
 v - a phantom mirror
 J - a tin of tremorstones (2/2)
 U - a box of beasts


   Skills:
 * Level 21.6 Fighting
 - Level 24.0 Polearms
 * Level 22.1 Armour
 - Level 10.0 Dodging
 - Level 10.0 Stealth
 - Level 5.0 Shields
 O Level 27 Invocations
 + Level 11.2 Evocations


You had 26 spell levels left.
You didn't know any spells.
Your spell library contained the following spells:

 Spells                   Type           Power      Damage    Failure   Level
 Apportation              Tloc           0%         N/A       71%         1
 Beastly Appendage        Tmut           0%         N/A       71%         1
 Foxfire                  Conj/Fire      0%         2x1d4     71%         1
 Freeze                   Ice            0%         1d3       71%         1
 Kiss of Death            Conj/Necr      0%         2d5       71%         1
 Magic Dart               Conj           0%         1d3       71%         1
 Necrotise                Necr           0%         1d4       71%         1
 Sandblast                Erth           0%         2d4       71%         1
 Shock                    Conj/Air       0%         1d3       71%         1
 Summon Small Mammal      Summ           0%         N/A       71%         1
 Blink                    Tloc           0%         N/A       85%         2
 Call Imp                 Summ           0%         N/A       85%         2
 Cigotuvi's Dreadful Rot  Necr/Pois/Air  0%         N/A       85%         2
 Ensorcelled Hibernation  Hex/Ice        0%         N/A       85%         2
 Lesser Beckoning         Tloc           0%         N/A       85%         2
 Momentum Strike          Conj/Tloc      0%         3d8       85%         2
 Passwall                 Tmut/Erth      0%         N/A       85%         2
 Scorch                   Fire           0%         2d5       85%         2
 Sublimation of Blood     Necr           0%         N/A       85%         2
 Wereblood                Tmut           0%         N/A       85%         2
 Call Canine Familiar     Summ           0%         N/A       97%         3
 Gell's Gravitas          Tloc           0%         N/A       97%         3
 Hailstorm                Conj/Ice       0%         3d3       97%         3
 Ignite Poison            Fire/Tmut/Pois 0%         N/A       97%         3
 Kindle Blastsparks       Fire/Tloc/Air  0%         2d10      97%         3
 Mephitic Cloud           Conj/Pois/Air  0%         N/A       97%         3
 Ozocubu's Armour         Ice            0%         N/A       97%         3
 Portal Projectile        Hex/Tloc       0%         N/A       97%         3
 Spider Form              Tmut/Pois      0%         N/A       97%         3
 Stone Arrow              Conj/Erth      0%         3d7       97%         3
 Summon Guardian Golem    Hex/Summ       0%         N/A       97%         3
 Swiftness                Air            0%         N/A       97%         3
 Teleport Other           Tloc           0%         N/A       97%         3
 Vampiric Draining        Necr           0%         2d6       97%         3
 Vhi's Electric Charge    Tloc/Air       0%         N/A       97%         3
 Airstrike                Air            0%         2d(0-16)  100%        4
 Anguish                  Hex/Necr       0%         N/A       100%        4
 Animate Armour           Summ/Erth      0%         N/A       100%        4
 Animate Dead             Necr           0%         N/A       100%        4
 Cause Fear               Hex            0%         N/A       100%        4
 Dispel Undead            Necr           0%         3d6       100%        4
 Flame Wave               Conj/Fire      0%         2d4       100%        4
 Fulminant Prism          Conj/Hex       0%         3d5       100%        4
 Ice Form                 Ice/Tmut       0%         N/A       100%        4
 Iskenderun's Mystic Bla  Conj/Tloc      0%         2d3       100%        4
 Leda's Liquefaction      Hex/Erth       0%         N/A       100%        4
 Manifold Assault         Tloc           0%         N/A       100%        4
 Passage of Golubria      Tloc           0%         N/A       100%        4
 Petrify                  Tmut/Erth      0%         N/A       100%        4
 Agony                    Necr           0%         N/A       100%        5
 Alistair's Intoxication  Tmut/Pois      0%         N/A       100%        5
 Arcjolt                  Conj/Air       0%         1d10      100%        5
 Fireball                 Conj/Fire      0%         3d3       100%        5
 Freezing Cloud           Conj/Ice/Air   0%         6-21      100%        5
 Irradiate                Conj/Tmut      0%         3d11      100%        5
 Iskenderun's Battlesphe  Conj           0%         2d6       100%        5
 Lee's Rapid Deconstruct  Erth           0%         3d4*      100%        5
 Metabolic Englaciation   Hex/Ice        0%         N/A       100%        5
 Silence                  Hex/Air        0%         N/A       100%        5
 Summon Forest            Summ/Tloc      0%         N/A       100%        5
 Summon Mana Viper        Hex/Summ       0%         N/A       100%        5
 Conjure Ball Lightning   Conj/Air       0%         3x3d6     100%        6
 Death Channel            Necr           0%         N/A       100%        6
 Dispersal                Tloc           0%         N/A       100%        6
 Eringya's Noxious Bog    Tmut/Pois      0%         N/A       100%        6
 Iron Shot                Conj/Erth      0%         9d1       100%        6
 Simulacrum               Ice/Necr       0%         N/A       100%        6
 Starburst                Conj/Fire      0%         6d3       100%        6
 Statue Form              Tmut/Erth      0%         N/A       100%        6
 Summon Cactus Giant      Summ           0%         N/A       100%        6
 Dragon Form              Tmut           0%         N/A       100%        7
 Enfeeble                 Hex            0%         N/A       100%        7
 Haunt                    Necr/Summ      0%         N/A       100%        7
 Malign Gateway           Summ/Tloc      0%         N/A       100%        7
 Monstrous Menagerie      Summ           0%         N/A       100%        7
 Orb of Destruction       Conj           0%         9d5       100%        7
 Spellforged Servitor     Conj/Summ      0%         N/A       100%        7
 Summon Hydra             Summ           0%         N/A       100%        7
 Borgnjor's Revivificati  Necr           0%         N/A       100%        8
 Discord                  Hex            0%         N/A       100%        8
 Disjunction              Tloc           0%         N/A       100%        8
 Infestation              Necr           0%         N/A       100%        8
 Lehudib's Crystal Spear  Conj/Erth      0%         10d2      100%        8
 Maxwell's Capacitive Co  Air            0%         ∞         100%        8
 Necromutation            Tmut/Necr      0%         N/A       100%        8
 Summon Horrible Things   Summ           0%         N/A       100%        8
 Dragon's Call            Summ           0%         N/A       100%        9


Dungeon Overview and Level Annotations

Branches:
Dungeon (15/15)            Temple (1/1) D:5            Lair (5/5) D:10
 Shoals (4/4) Lair:3        Snake (4/4) Lair:2        Slime (5/5) Lair:4
    Orc (2/2) D:12            Elf (3/3) Orc:2        Vaults (5/5) D:13
  Crypt (3/3) Vaults:2       Tomb (1/3) Crypt:3      Depths (4/4) D:15
    Zot (5/5) Depths:4      IceCv (visited)          WizLab (visited)

Altars:
Ashenzari
Cheibriados
Dithmenos
Elyvilon
Fedhas
Gozag
Hepliaklqana
Kikubaaqudgha
Makhleb
Nemelex Xobeh
Okawaru
Qazlal
Ru
Sif Muna
Trog
Uskayaw
Vehumet
Wu Jian
Xom
Yredelemnul
Zin
The Shining One
Jiyva

Shops:
D:2 (   D:4 ?   Orc:2 =?(?   Elf:1 *   Elf:3 *   Shoals:2 (   Snake:1 =:=
Snake:3 *[!*   Vaults:1 :

Portals:
Hell: Depths:1 Depths:2 Depths:3 Depths:4
Abyss: Depths:3
Pandemonium: Depths:2 Depths:3 Depths:4
Ziggurat: Depths:4
Trove: Vaults:3 (give +3 storm dragon scales)

Annotations:
Depths:2 1 transporter


Innate Abilities, Weirdness & Mutations

You have razor-sharp teeth.
Your natural rate of healing is unusually fast.
When hurt, damage is shared between your health and your magic reserves.
Your bite disrupts and absorbs the magic of your enemies.
Potions cannot restore your health.
Your body sometimes deteriorates upon taking damage.
You are dopey. (Int -2)
Your spells are a little easier to cast, but a little less powerful.


Message History

There is a stone staircase leading down here.
There is a stone staircase leading up here.
You climb upwards.
There is a stone staircase leading down here.
There is an open door here.
There is a stone staircase leading up here.
You climb upwards.
There is a stone staircase leading down here.
Things that are here:
a +0 scale mail; a +0 hand axe
There is an open door here.
There is an open door here.
A daeva comes into view.
It is wielding a +3 scimitar of holy wrath.
You reach to attack!
You cut the daeva into ribbons!!!!
The daeva is severely wounded.
You reach to attack!
The daeva blocks your attack.
The daeva is severely wounded.
You reach to attack!
You slice the daeva!!
The daeva is almost dead.
The daeva blocks your attack. x2
The daeva is almost dead.
You slice the daeva!!
You kill the daeva!
(D) Dungeon (T) Temple (L) Lair (A) Shoals (P) Snake Pit (M) Slime Pits (O) Orcish Mines (E) Elven Halls (V) Vaults (C) Crypt (W) Tomb (U) Depths (H) Hell (Z) Zot
Where to? (Enter - D:1, ? - help)
There is a stone staircase leading up here.
You climb upwards.
There is a stone staircase leading down here.
A rust devil comes into view.
You reach to attack!
You slash the rust devil!
The rust devil is moderately wounded.
You reach to attack!
You cut the rust devil into ribbons!!!
You kill the rust devil!
No target in view!
There is an open door here.
There is a staircase leading out of the dungeon here.
You have escaped!

..###.(.............# ##.
#...#...............# ######..
###.##..............# #....#..
#.####'#################....#..
#.# ##......................'..
###.# #.......................#..
.[..###..P#~#P.....P#~#P........#
.....##.P##~##P...P##~##P......##
...#.##..~~~~~..@..~~~~~.......#
...#....P##~##P...P##~##P......#
...###...P#~#P.....P#~#P..##...#
...# #.............|.........####
...# #......####.####.##...#.....
...# ######.## #..###....###.####
...# #..####......### #.# # ...#
##..###.###### #.# # ...#######
##.#...##########.#


There were no monsters in sight!

Vanquished Creatures
  the Royal Jelly (Slime:5)
  Dissolution (Slime:5)
  A seraph (D:14)
  6 orbs of fire (Zot:5)
  5 dread liches
  3 ancient liches
  3 royal mummies (Tomb:1)
  Parghit (Depths:3)
  Bai Suzhen (Crypt:2)
  7 Killer Klowns
  Vv (Depths:4)
  Xtahua (Depths:4)
  3 curse toes
  A caustic shrike (Depths:4)
  8 golden dragons
  Nikola (Snake:1)
  The ghost of Vailuoroe the Devastator, a veteran GrEE of Lugonu (Crypt:1)
  Jory (Crypt:1)
  A profane servitor (D:6)
  2 bone dragons (Crypt:3)
  4 electric golems
  An Ice Fiend (Zot:1)
  18 tentacled monstrosities
  The ghost of Teoxt the Stormcaller, an adept OpAE of Gozag (Elf:1)
  A walking earthen tome (Depths:4)
  6 liches
  27 Orb Guardians
  5 deep elf blademasters
  A walking crystal tome (Depths:3)
  A shard shrike skeleton (Crypt:3)
  The ghost of hikkokomori the Warrior, an adept HOMo of Okawaru (Snake:4)
  3 quicksilver dragons
  6 titans (Vaults:5)
  A kraken (Shoals:3)
  19 acid blobs
  A deep elf master archer (Elf:3)
  An Executioner (Zot:4)
  11 ancient champions
  8 death cobs
  11 shadow dragons
  11 tengu reavers
  8 sphinxes
  13 storm dragons
  17 rockslimes
  Roxanne (Elf:2)
  3 nagarajas (Snake:4)
  4 draconian monks
  8 azure jellies
  An iron dragon (Depths:3)
  7 frost giants
  5 deep elf sorcerers (Elf:3)
  12 vault wardens
  11 fire giants
  5 draconian scorchers
  12 draconian knights
  A daeva (D:2)
  2 angels (D:14)
  3 curse skulls
  4 ghost moths
  10 ghouls
  4 draconian annihilators
  A caustic shrike zombie (Crypt:3)
  5 deep elf elementalists (Elf:3)
  2 caustic shrike skeletons
  19 ironbound preservers
  A reaper (Depths:4)
  5 draconian stormcallers
  11 draconian shifters
  An orc warlord (Vaults:2)
  8 quicksilver oozes
  18 very ugly things
  11 ironbound thunderhulks
  18 stone giants
  4 war gargoyles
  12 green draconians
  Nessos (Lair:3)
  11 deep elf demonologists
  24 dire elephants
  7 vampire knights
  13 white draconians
  16 red draconians
  Azrael (D:14)
  4 deep elf annihilators
  13 black draconians
  16 yellow draconians
  2 spark wasps (Depths:4)
  20 purple draconians
  9 deep elf death magi
  3 eidola
  7 merfolk javelineers
  11 ettins
  Snorg (D:13)
  A blizzard demon (Depths:4)
  A green death (Depths:4)
  6 jiangshi
  4 crystal guardians (WizLab)
  4 mummy priests (Tomb:1)
  9 fire dragons
  8 merfolk impalers
  Josephine (Snake:1)
  9 deep elf high priests
  12 great orbs of eyes
  Erolcha (D:13)
  3 entropy weavers
  Fannar (D:12)
  11 yaktaur captains
  A hydra (D:14)
  12 ironbound frosthearts
  32 vault guards
  A catoblepas (Lair:5)
  6 rakshasas
  2 spriggan air magi (Depths:3)
  3 merfolk aquamancers (Shoals:4)
  4 salamander tyrants
  The ghost of Ytsiazit the Cleaver, a journeyman DsFi of Cheibriados (Lair:2)
  7 peacekeepers
  2 ogre magi
  18 centaur warriors
  13 anacondas
  An alligator snapping turtle (Shoals:3)
  6 ice dragons
  2 merfolk avatars
  4 death knights
  24 dancing weapons
  A caustic shrike simulacrum (IceCv)
  6 two-headed ogres
  8 vampire magi
  5 boulder beetles
  2 satyrs (Shoals:3)
  8 deep troll earth magi
  16 death yaks
  12 deep troll shamans
  27 hell knights
  17 naga warriors
  6 tengu warriors
  40 death scarabs (Tomb:1)
  6 naga sharpshooters
  4 spriggan berserkers
  6 shock serpents
  20 deep elf knights
  3 titan skeletons
  Urug (Lair:3)
  A spectral death yak (Lair:2)
  5 soul eaters
  7 iron trolls
  11 flayed ghosts
  11 salamander mystics
  A cherub (D:14)
  72 skeletal warriors
  A death drake (shapeshifter) (Elf:1)
  5 shadow wraiths
  76 deep trolls
  An iron giant zombie (Crypt:1)
  18 sea snakes
  7 spriggan simulacra (IceCv)
  A goliath frog (Depths:4)
  13 deep elf archers
  4 shadow demons
  7 naga ritualists
  An iron giant skeleton (Crypt:3)
  4 bog bodies
  3 bunyip skeletons (Crypt:3)
  A sphinx zombie (Crypt:3)
  10 wizards
  2 obsidian statues
  15 harpies
  2 glowing orange brains
  A golden dragon zombie (Crypt:3)
  A spectral hydra (Lair:2)
  Pikel (D:5)
  An anaconda skeleton (Crypt:3)
  21 ironbound convokers
  8 lindwurms
  5 mana vipers
  26 deep elf zephyrmancers
  7 orc knights
  9 necromancers
  An oklob plant (Lair:5)
  32 deep elf pyromancers
  A cyclops (shapeshifter) (Vaults:5)
  8 phantasmal warriors
  14 orc sorcerers
  A stone giant zombie (Depths:1)
  A shining eye (shapeshifter) (Vaults:5)
  26 salamanders
  46 ugly things
  24 manticores
  A frost giant zombie (Depths:1)
  2 shining eyes
  2 wolf spiders (Depths:4)
  3 fauns (Shoals:3)
  7 cyclopes
  4 merfolk sirens
  Joseph (D:7)
  A faun (shapeshifter) (Vaults:5)
  11 elephants
  25 moths of wrath
  30 black mambas
  A fire giant skeleton (Depths:2)
  An iron dragon skeleton (Crypt:3)
  2 centaur zombies
  5 guardian serpents
  An orange demon (Depths:4)
  14 water nymphs
  A frost giant skeleton (Depths:1)
  Maurice (D:8)
  8 apocalypse crabs (Depths:3)
  A rust devil (D:1)
  11 cane toads
  2 demonic crawlers
  29 naga magi
  4 eyes of devastation
  20 vault sentinels
  4 molten gargoyles (WizLab)
  12 gargoyles
  A black mamba (shapeshifter) (Elf:2)
  2 smoke demons (Depths:4)
  4 centaur skeletons
  3 rime drakes
  40 yaktaurs
  2 naga skeletons (Crypt:3)
  A green draconian zombie (Crypt:3)
  Maggie (D:9)
  7 komodo dragons
  3 spriggan skeletons
  2 unseen horrors
  A redback zombie (D:15)
  8 guardian mummies (Tomb:1)
  11 freezing wraiths
  2 anaconda simulacra (IceCv)
  15 ice devils
  A kobold demonologist (D:14)
  2 red devils (Depths:4)
  20 merfolk
  4 trolls
  A pale draconian skeleton (Crypt:2)
  3 tengu conjurers
  A harpy zombie (Tomb:1)
  3 polar bears
  A troll (shapeshifter) (D:12)
  A hydra zombie (Crypt:1)
  2 hellwings (Depths:4)
  3 hornets
  2 wind drakes (shapeshifter)
  A wolf spider simulacrum (D:15)
  A hydra skeleton (Crypt:1)
  13 wind drakes
  A boulder beetle zombie (Crypt:1)
  5 dream sheep
  A fire dragon zombie (Crypt:1)
  A snapping turtle (shapeshifter) (Vaults:5)
  6 harpy skeletons
  16 blink frogs
  9 snapping turtles
  Grinder (D:5)
  A spectral black mamba (Lair:2)
  An ettin zombie (Crypt:1)
  2 spriggans
  17 water elementals
  2 centaur simulacra
  83 slime creatures
  2 vampires
  15 flying skulls
  A dire elephant simulacrum (Crypt:3)
  A black mamba zombie (Crypt:1)
  A fire dragon skeleton (Crypt:3)
  A spriggan (shapeshifter) (Depths:4)
  8 air elementals
  3 shadows
  5 wyverns
  An ice dragon skeleton (Crypt:1)
  A large abomination (Depths:4)
  2 ynoxinuls
  15 wraiths
  44 yaks
  2 ushabtiu (Tomb:1)
  2 black mamba skeletons
  10 fire elementals
  15 humans (D:13)
  Grum (D:8)
  6 basilisks
  2 chaos spawn
  4 steam dragons
  8 vampire mosquitoes
  A neqoxec (Depths:4)
  A redback (Vaults:3)
  5 wargs
  Menkaure (D:4)
  2 deep troll zombies
  7 minotaur simulacra (IceCv)
  A fire bat zombie (Crypt:2)
  An acid dragon (D:12)
  47 nagas
  3 harpy simulacra (IceCv)
  A hell hound (D:13)
  12 water moccasins
  A merfolk skeleton (Crypt:2)
  13 orc warriors
  An ettin simulacrum (IceCv)
  2 ice beasts
  A manticore zombie (Crypt:1)
  A swamp drake (shapeshifter) (D:14)
  2 alligator simulacra (IceCv)
  A black mamba simulacrum (Lair:2)
  4 black bears
  12 wolves
  2 lemures (D:5)
  9 ogres
  4 boggarts
  A torpor snail zombie (Crypt:3)
  2 phantoms
  14 centaurs
  A snapping turtle skeleton (Crypt:2)
  8 bullfrogs
  A fire crab zombie (Crypt:2)
  3 kobold brigands
  3 necrophages
  5 deep troll simulacra (IceCv)
  3 scorpions
  7 earth elementals
  A small abomination (Depths:4)
  13 wights
  2 spriggan zombies
  A troll zombie (Crypt:2)
  14 killer bees
  2 lindwurm simulacra (IceCv)
  3 electric eels
  4 howler monkeys
  A torpor snail simulacrum (Lair:2)
  2 komodo dragon simulacra (Lair:2)
  4 hounds
  A black bear zombie (Crypt:3)
  7 orc priests
  7 jellies
  Terence (D:2)
  3 iguanas
  35 orc wizards
  Natasha (thrice) (D:3)
  14 hell rats
  2 lightning spires (WizLab)
  A deep dwarf skeleton (Crypt:2)
  5 mummies (Tomb:1)
  6 gnolls
  8 adders
  A shadow imp (D:6)
  A white imp (D:6)
  A worm (D:2)
  4 dart slugs
  59 orcs
  6 endoplasms
  5 giant cockroaches
  8 goblins
  5 hobgoblins
  3 jackals (D:3)
  10 kobolds
  2 quokkas
  A river rat zombie (Crypt:1)
  6 ball pythons
  3 bats
  4 frilled lizards
  A jackal zombie (Crypt:1)
  3 rats
  A spectral orc (D:15)
  2 bushes
  A butterfly (Lair:3)
  A pillar of salt (Vaults:1)
  A plant (Snake:4)
  3 tentacles (Shoals:3)
2621 creatures vanquished.

Vanquished Creatures (collateral kills)
  Saint Roka (Orc:2)
  The ghost of octoduck the Severer, an adept HORe of Cheibriados (Snake:4)
  2 acid blobs (Slime:5)
  2 rockslimes (Slime:5)
  2 quicksilver oozes (Slime:5)
  A merfolk impaler (Shoals:4)
  A merfolk javelineer (Shoals:4)
  A great orb of eyes (Slime:5)
  A catoblepas (Depths:3)
  A deep troll shaman (Depths:4)
  A death yak (Depths:3)
  2 hell knights (Depths:4)
  An iron troll (Depths:3)
  A deep troll (Depths:4)
  A necromancer (Depths:4)
  2 shining eyes (Slime:4)
  An elephant (Lair:2)
  A black mamba (Snake:1)
  A naga mage (Snake:1)
  A merfolk (Shoals:4)
  A slime creature (Slime:5)
  A wyvern (Lair:2)
  A naga (Snake:1)
  3 orc wizards (Orc:2)
  3 orcs (Orc:2)
34 creatures vanquished.

Vanquished Creatures (others)
  A draconian knight (Zot:3)
  A deep elf pyromancer (Elf:1)
  A gargoyle (D:8)
  A water elemental (Shoals:4)
  3 vampire mosquitoes (D:10)
  A bush (Lair:3)
  22 fungi
  117 plants
  A tentacle (Shoals:3)
  15 withered plants (Crypt:3)
163 creatures vanquished.

Grand Total: 2818 creatures vanquished

Notes
Turn   | Place    | Note
-------+----------+-------------------------------------------
     0 | D:1      | browni3141 the Vine Stalker Fighter began the quest for the
                  | Orb.
     0 | D:1      | Reached XP level 1. HP: 11/11 MP: 2/2
   210 | D:1      | Reached XP level 2. HP: 16/16 MP: 3/3
   856 | D:1      | Reached XP level 3. HP: 2/19 MP: 0/4
  1226 | D:2      | Gained mutation: Your natural rate of healing is unusually
                  | fast. [Vine Stalker growth]
  1226 | D:2      | Reached XP level 4. HP: 23/23 MP: 5/5
  1313 | D:2      | Found Pidunk's Antique Weapon Shoppe.
  1904 | D:3      | Noticed Terence
  1930 | D:2      | Killed Terence
  1931 | D:2      | Reached XP level 5. HP: 18/27 MP: 6/6
  2575 | D:2      | Found Pidunk's Antique Weapon Shoppe.
  2666 | D:3      | Reached skill level 5 in Polearms
  2692 | D:3      | Identified the +1 pair of gloves of Absolutism {rF+}
  2804 | D:3      | Found a faded altar of an unknown god.
  2853 | D:3      | Noticed Natasha
  2858 | D:3      | Killed Natasha
  2928 | D:3      | Reached XP level 6. HP: 32/32 MP: 7/7
  3017 | D:3      | Noticed Natasha
  3022 | D:3      | Killed Natasha
  3187 | D:3      | Noticed Natasha
  3202 | D:3      | Killed Natasha
  3388 | D:4      | Identified the ring "Tucohit" {Int+5 SInv}
  3495 | D:4      | Reached XP level 7. HP: 35/35 MP: 8/8
  3575 | D:4      | Noticed Menkaure
  3698 | D:4      | Reached skill level 1 in Dodging
  3705 | D:4      | Killed Menkaure
  3746 | D:4      | Found a sparkling altar of Nemelex Xobeh.
  3861 | D:4      | Found Goasm's Magic Scroll Shop.
  3870 | D:4      | Bought a scroll of identify for 26 gold pieces
  3870 | D:4      | Bought 2 scrolls of identify for 52 gold pieces
  3870 | D:4      | Bought a scroll of teleportation for 39 gold pieces
  3870 | D:4      | Bought a scroll of noise for 13 gold pieces
  3961 | D:5      | Entered Level 5 of the Dungeon
  4046 | D:5      | Found an iron altar of Okawaru.
  4174 | D:5      | Found a glowing silver altar of Zin.
  4174 | D:5      | Noticed an angel
  4237 | D:5      | Found a staircase to the Ecumenical Temple.
  4249 | Temple   | Entered the Ecumenical Temple
  4406 | D:5      | Gained mutation: You have razor-sharp teeth. [Vine Stalker
                  | growth]
  4406 | D:5      | Reached XP level 8. HP: 42/42 MP: 9/9
  4436 | D:5      | Identified the +5 dagger "Cosyub" {heavy, Str+3}
  4443 | D:5      | Noticed Grinder
  4458 | D:5      | Killed Grinder
  4579 | D:5      | Noticed Pikel
  4616 | D:5      | Killed Pikel
  4801 | D:6      | You fall into a shaft and drop 1 floor!
  4915 | D:6      | Reached XP level 9. HP: 43/46 MP: 10/10
  4980 | D:6      | Noticed a +0 dagger
  4980 | D:6      | Noticed a +0 spear
  4981 | D:6      | Noticed a +0 short sword
  4981 | D:6      | Noticed a +0 falchion
  4982 | D:6      | Noticed a +0 falchion
  4982 | D:6      | Noticed a +0 short sword
  4983 | D:6      | Noticed a +0 dagger
  4984 | D:6      | Noticed a +0 spear
  5002 | D:6      | Reached skill level 5 in Fighting
  5002 | D:6      | Reached skill level 5 in Shields
  5044 | D:6      | Found a hide-covered altar of Uskayaw.
  5095 | D:6      | Reached skill level 5 in Armour
  5177 | D:6      | Reached skill level 1 in Evocations
  5214 | D:6      | Found a broken altar of Ashenzari.
  5702 | D:7      | Noticed a two-headed ogre
  5831 | D:7      | Noticed Joseph
  5868 | D:7      | Killed Joseph
  5968 | D:7      | Reached skill level 5 in Evocations
  5968 | D:7      | Reached XP level 10. HP: 51/51 MP: 11/11
  6560 | D:8      | Noticed a gargoyle
  6576 | D:8      | Killed a gargoyle
  6634 | D:8      | Noticed a gargoyle
  6636 | D:8      | Found a radiant altar of Vehumet.
  6636 | D:8      | Noticed a gargoyle
  6678 | D:8      | Killed a gargoyle
  6801 | D:8      | Noticed Grum
  7008 | D:8      | Noticed Maurice
  7043 | D:8      | Killed Maurice
  7044 | D:8      | Reached skill level 10 in Polearms
  7123 | D:8      | Killed Grum
  7232 | D:8      | Found a stormy altar of Qazlal.
  7430 | D:8      | Noticed a gargoyle
  7844 | D:9      | Noticed a two-headed ogre
  7845 | D:9      | Found a shimmering blue altar of Sif Muna.
  7852 | D:9      | Killed a two-headed ogre
  7853 | D:9      | Reached XP level 11. HP: 47/56 MP: 12/12
  8131 | D:9      | Noticed a two-headed ogre
  8142 | D:9      | Killed a two-headed ogre
  8362 | D:9      | Noticed Maggie
  8372 | D:9      | Killed Maggie
  8505 | D:10     | Entered Level 10 of the Dungeon
  8589 | D:10     | Found an opulent altar of Gozag.
  8612 | D:10     | Found an ancient bone altar of Kikubaaqudgha.
  8982 | D:10     | Found a staircase to the Lair.
  8993 | D:10     | Found an ornate altar of the Wu Jian Council.
  9329 | D:4      | Became a worshipper of Nemelex Xobeh the Trickster
  9698 | D:7      | Killed a two-headed ogre
 10079 | D:8      | Identified the +9 quarterstaff "Oseadid" {freeze, rC+ Str+3
                  | Dex+3}
 10134 | D:8      | Found a radiant altar of Vehumet.
 10291 | D:8      | Found a stormy altar of Qazlal.
 10864 | D:11     | Noticed a cyclops
 10864 | D:11     | Noticed a boulder beetle
 10865 | D:11     | Killed a cyclops
 10870 | D:11     | Killed a boulder beetle
 10940 | D:11     | Reached XP level 12. HP: 63/63 MP: 13/13
 11324 | D:11     | Reached skill level 5 in Stealth
 11495 | D:12     | Noticed a two-headed ogre
 11503 | D:12     | Killed a two-headed ogre
 11615 | D:12     | Noticed Fannar
 11632 | D:12     | Killed Fannar
 11902 | D:12     | Found a staircase to the Orcish Mines.
 12203 | D:12     | Reached * piety under Nemelex Xobeh
 12375 | D:12     | Identified the ring of Irahielo {Fire Str+5}
 12602 | Lair:1   | Entered Level 1 of the Lair of Beasts
 12874 | Lair:1   | Received a gift from Nemelex Xobeh
 13385 | Lair:2   | Reached XP level 13. HP: 60/68 MP: 14/14
 13541 | Lair:2   | Reached skill level 1 in Invocations
 13601 | Lair:2   | Found a runed translucent gate.
 13601 | Lair:2   | Found a runed translucent gate.
 13635 | Lair:2   | Reached skill level 10 in Stealth
 13635 | Lair:2   | Reached skill level 2 in Invocations
 13691 | Lair:2   | Reached ** piety under Nemelex Xobeh
 13714 | Lair:2   | Found a staircase to the Snake Pit.
 13741 | Lair:2   | Reached skill level 3 in Invocations
 13782 | Lair:2   | HP: 3/68 [poisoned by a cane toad]
 14031 | D:4      | Bought a scroll of acquirement for 676 gold pieces
 14031 | D:4      | Acquired the +11 bardiche of the Imbibing Gods {speed,
                  | *Noise rC+ rCorr Str+3}
 14414 | Lair:2   | Reached skill level 4 in Invocations
 14542 | Lair:2   | Found a runed translucent gate.
 14545 | Lair:2   | Noticed Ytsiazit's ghost (journeyman DsFi)
 14700 | Lair:3   | Received a gift from Nemelex Xobeh
 14778 | Lair:3   | Noticed Nessos
 14797 | Lair:3   | Killed Nessos
 14798 | Lair:3   | Reached skill level 5 in Invocations
 14851 | Lair:3   | Found a staircase to the Shoals.
 14972 | Lair:3   | Reached skill level 6 in Invocations
 15138 | Lair:3   | Reached skill level 7 in Invocations
 15217 | Lair:3   | Noticed Urug
 15362 | Lair:3   | Reached skill level 8 in Invocations
 15420 | Lair:3   | Killed Urug
 15671 | Shoals:1 | Entered Level 1 of the Shoals
 15692 | Lair:4   | Found a viscous altar of Jiyva.
 15736 | Lair:4   | Found a staircase to the Slime Pits.
 15899 | Lair:4   | Received a gift from Nemelex Xobeh
 15946 | Lair:4   | Reached XP level 14. HP: 39/73 MP: 21/21
 16030 | Lair:4   | Reached skill level 9 in Invocations
 16458 | Slime:1  | Entered Level 1 of the Pits of Slime
 16458 | Slime:1  | Noticed a quicksilver ooze
 16465 | Lair:5   | Entered Level 5 of the Lair of Beasts
 16514 | Lair:5   | Reached *** piety under Nemelex Xobeh
 16767 | Lair:5   | Received a gift from Nemelex Xobeh
 16789 | Lair:5   | Reached skill level 10 in Invocations
 16796 | Lair:5   | Reached skill level 15 in Polearms
 17102 | Lair:2   | Killed Ytsiazit's ghost
 17355 | Lair:2   | Found a staircase to the Snake Pit.
 18341 | Lair:5   | Reached skill level 11 in Invocations
 18363 | Lair:5   | Identified the +2 cloak of Ennui {rElec rF+ rC- Dex+6}
 18381 | Lair:5   | Identified the +1 plate armour "Guxkia Muxun" {MP+9 Slay+2
                  | SInv}
 18846 | Orc:1    | Entered Level 1 of the Orcish Mines
 18917 | Orc:2    | Entered Level 2 of the Orcish Mines
 19069 | Orc:2    | Noticed Saint Roka
 19108 | Orc:1    | Reached **** piety under Nemelex Xobeh
 19108 | Orc:1    | Received a gift from Nemelex Xobeh
 19267 | Orc:1    | You fall into a shaft and drop 1 floor!
 19370 | Orc:1    | Found a shimmering blue altar of Sif Muna.
 19435 | Orc:2    | Killed Saint Roka
 19436 | Orc:2    | Reached skill level 12 in Invocations
 19436 | Orc:2    | Reached XP level 15. HP: 60/77 MP: 25/25
 19494 | Orc:2    | Found a staircase to the Elven Halls.
 19877 | Orc:2    | Found Woot's Jewellery Boutique.
 19931 | Orc:2    | Found an ancient bone altar of Kikubaaqudgha.
 19964 | Orc:2    | Found a radiant altar of Vehumet.
 19991 | Orc:2    | Found Ninacua's Magic Scroll Shop.
 20013 | Orc:2    | Found Yschemy's Magic Scroll Boutique.
 20021 | Orc:2    | Found Naluts's Antique Weapon Boutique.
 20145 | Orc:2    | Bought a ring of willpower for 350 gold pieces
 20177 | Orc:2    | Bought a scroll of fear for 56 gold pieces
 20177 | Orc:2    | Bought a scroll of teleportation for 42 gold pieces
 20177 | Orc:2    | Bought a scroll of teleportation for 42 gold pieces
 20177 | Orc:2    | Bought 2 scrolls of blinking for 210 gold pieces
 20186 | Orc:2    | Bought a scroll of blinking for 112 gold pieces
 20186 | Orc:2    | Bought a scroll of silence for 142 gold pieces
 20186 | Orc:2    | Bought a scroll of magic mapping for 112 gold pieces
 20349 | D:13     | Noticed Rupert
 20349 | D:13     | Found a gate to the Vaults.
 20417 | D:13     | Received a gift from Nemelex Xobeh
 20628 | D:13     | Noticed Snorg
 20638 | D:13     | Killed Snorg
 20655 | D:13     | Rupert changed into Rupert the iron troll
 20655 | D:13     | Noticed Rupert
 20677 | D:13     | Killed Rupert the iron troll
 20792 | D:13     | Noticed Erolcha
 20801 | D:13     | Killed Erolcha
 20802 | D:13     | Reached skill level 13 in Invocations
 21042 | D:13     | Received a gift from Nemelex Xobeh
 21422 | D:14     | Noticed Azrael
 21424 | D:14     | Killed Azrael
 21838 | D:14     | Reached skill level 14 in Invocations
 21935 | D:14     | Received a gift from Nemelex Xobeh
 21936 | D:14     | Noticed a tengu reaver
 21946 | D:14     | Killed a tengu reaver
 21954 | D:14     | Reached XP level 16. HP: 42/81 MP: 23/27
 22173 | D:15     | Entered Level 15 of the Dungeon
 22664 | D:15     | Reached ***** piety under Nemelex Xobeh
 22750 | D:15     | Found a staircase to the Depths.
 22779 | D:15     | Found a basalt altar of Yredelemnul.
 22983 | Snake:1  | Entered Level 1 of the Snake Pit
 23070 | Snake:1  | Reached skill level 15 in Invocations
 23159 | Snake:1  | Received a gift from Nemelex Xobeh
 23245 | Snake:1  | Noticed Nikola
 23259 | Snake:1  | Killed Nikola
 23554 | Snake:1  | Noticed Josephine
 23559 | Snake:1  | Killed Josephine
 23767 | Snake:1  | Received a gift from Nemelex Xobeh
 23939 | Snake:1  | Found Nempixurr's Book Boutique.
 23940 | Snake:1  | Found Atuxtuv's Jewellery Emporium.
 23940 | Snake:1  | Found Kugh's Jewellery Emporium.
 24440 | Snake:2  | Received a gift from Nemelex Xobeh
 24712 | Snake:2  | Reached skill level 16 in Invocations
 24760 | Snake:2  | Reached XP level 17. HP: 69/85 MP: 30/30
 25368 | Snake:3  | Found Fyazuo's Distillery.
 25368 | Snake:3  | Found Pieti's General Store.
 25385 | Snake:3  | Found Zeho Pot's Armour Shoppe.
 25387 | Snake:3  | Bought a potion of resistance for 160 gold pieces
 25401 | Snake:3  | Found Alipaew's Assorted Antiques.
 25720 | Snake:3  | Received a gift from Nemelex Xobeh
 25964 | Snake:4  | Entered Level 4 of the Snake Pit
 25979 | Snake:4  | Reached skill level 17 in Invocations
 26228 | Snake:4  | Found a runed translucent gate.
 26228 | Snake:4  | Found a runed translucent gate.
 26228 | Snake:4  | Found a runed translucent gate.
 26232 | Snake:4  | Noticed octoduck's ghost (adept HORe)
 26232 | Snake:4  | Noticed hikkokomori's ghost (adept HOMo)
 26716 | Snake:4  | Identified the +2 robe "Otiosow" {Str+6 Dex+5 Stlth+}
 27091 | Snake:4  | Reached XP level 18. HP: 89/91 MP: 31/31
 27360 | Snake:4  | Got a serpentine rune of Zot
 27374 | Snake:4  | Received a gift from Nemelex Xobeh
 27582 | Snake:4  | Identified the +0 leather armour "Jeor" {rElec Slay+5}
 27865 | Snake:4  | Killed octoduck's ghost
 28040 | Snake:4  | Killed hikkokomori's ghost
 28236 | Snake:4  | Identified the amulet "Symuim" {Reflect Int+4 Dex+6 SH+5}
 28469 | Shoals:1 | Reached skill level 18 in Invocations
 28791 | Shoals:1 | You are sucked into a shaft and drop 1 floor!
 28820 | Shoals:2 | Received a gift from Nemelex Xobeh
 28837 | Shoals:2 | Found Nefunk's Weapon Shoppe.
 28859 | Shoals:2 | HP: 4/91 [poisoned by a merfolk impaler]
 29047 | Shoals:2 | Found a frozen archway.
 29051 | IceCv    | Entered an ice cave
 29518 | IceCv    | Received a gift from Nemelex Xobeh
 29632 | IceCv    | Got the Vellum of the Deep Freeze
 29632 | IceCv    | Noticed an Ice Fiend
 29633 | IceCv    | Banished an Ice Fiend
 30013 | Shoals:2 | Bought 3 curare-tipped darts for 61 gold pieces
 30177 | Shoals:2 | Received a gift from Nemelex Xobeh
 31041 | Shoals:3 | Received a gift from Nemelex Xobeh
 31601 | Shoals:4 | Entered Level 4 of the Shoals
 31638 | Shoals:4 | Reached XP level 19. HP: 93/96 MP: 31/33
 31807 | Shoals:4 | Found a radiant altar of Vehumet.
 31830 | Shoals:4 | Paralysed by an air elemental for 1 turns
 31896 | Shoals:4 | Reached skill level 19 in Invocations
 32060 | Shoals:4 | Paralysed by an air elemental for 1 turns
 32077 | Shoals:4 | Paralysed by an air elemental for 1 turns
 32242 | Shoals:4 | Paralysed by an air elemental for 1 turns
 32823 | Shoals:4 | Reached skill level 10 in Fighting
 32852 | Shoals:4 | Got a barnacled rune of Zot
 33309 | Elf:1    | Entered Level 1 of the Elven Halls
 33394 | Elf:1    | Noticed Teoxt's ghost (adept OpAE)
 33395 | Elf:1    | Received a gift from Nemelex Xobeh
 33400 | Elf:1    | Found a runed translucent door.
 33670 | Elf:1    | Received a gift from Nemelex Xobeh
 34323 | Elf:1    | Found Xulylav's Assorted Antiques.
 34331 | Elf:1    | Bought a golden potion for 27 gold pieces
 34331 | Elf:1    | Bought 2 scrolls of blinking for 450 gold pieces
 34331 | Elf:1    | Bought a scroll of magic mapping for 225 gold pieces
 34333 | Elf:1    | Reached XP level 20. HP: 103/103 MP: 34/34
 34509 | Elf:1    | Killed Teoxt's ghost
 34515 | Elf:1    | Reached skill level 20 in Invocations
 34528 | Elf:1    | Got the Annotations on Breccia
 34744 | Elf:2    | Reached XP level 21. HP: 107/107 MP: 36/36
 34910 | Elf:2    | Identified Roxanne's Handbook of Forms
 34910 | Elf:2    | Noticed Roxanne
 35135 | Elf:2    | Found a runed translucent gate.
 35136 | Elf:2    | Found a runed translucent gate.
 35136 | Elf:2    | Found a runed translucent gate.
 35229 | Elf:2    | Received a gift from Nemelex Xobeh
 35779 | Elf:2    | Killed Roxanne
 35836 | Elf:3    | Entered Level 3 of the Elven Halls
 35949 | Elf:3    | Found Gulugh's Assorted Antiques.
 36072 | Elf:3    | Reached skill level 10 in Armour
 36305 | Elf:3    | Identified the +1 crystal plate armour "Paxuofot" {Stlth+}
 36358 | Elf:3    | Identified the +3 long sword "Copis" {drain, rElec rF+
                  | Str+3}
 36440 | Elf:3    | Identified the +5 scimitar of Moderation {freeze, rF+
                  | Int+4}
 36443 | Elf:3    | Identified the ring "Gacupleb" {Ice rElec Str+3}
 36562 | Elf:3    | Got the Verses on Changed Unspeakable Mysteries
 36581 | Elf:3    | Identified the +10 dagger "Ysoshrea" {freeze, Int+3}
 36639 | Elf:3    | Identified the +1 pair of boots of Dramatic Exits {rN+++
                  | Str-2 Dex+3}
 36996 | Elf:3    | Received a gift from Nemelex Xobeh
 37601 | D:4      | Bought a scroll of enchant armour for 97 gold pieces
 37601 | D:4      | Bought a scroll of vulnerability for 52 gold pieces
 37601 | D:4      | Bought a scroll of vulnerability for 52 gold pieces
 37601 | D:4      | Bought a scroll of fog for 52 gold pieces
 37814 | Depths:1 | Entered Level 1 of the Depths
 37901 | Depths:1 | Reached skill level 21 in Invocations
 38140 | Depths:1 | Noticed Sojobo
 38144 | Depths:1 | Sojobo changed into Sojobo the golden dragon
 38144 | Depths:1 | Noticed Sojobo
 38150 | Depths:1 | Killed Sojobo the golden dragon
 38151 | Depths:1 | Reached XP level 22. HP: 90/114 MP: 37/37
 38194 | Depths:1 | Received a gift from Nemelex Xobeh
 38710 | Depths:1 | Found a gateway to Hell.
 39038 | Depths:2 | Noticed a juggernaut
 39041 | Depths:2 | Received a gift from Nemelex Xobeh
 39047 | Depths:2 | Found a bloodstained altar of Trog.
 39047 | Depths:2 | Found the necklace of Bloodlust {Fury *Rage Will++ Int-3
                  | Slay+6}
 39373 | Depths:2 | Found a one-way gate leading to the halls of Pandemonium.
 39597 | Depths:2 | Identified the +8 chain mail "Aweg" {rF+ rN+ Str-3}
 39648 | Depths:2 | Found a transporter.
 39726 | Depths:2 | Received a gift from Nemelex Xobeh
 39754 | Depths:3 | Noticed a golden dragon
 39878 | Depths:3 | Identified the +5 executioner's axe "Pietzofu" {venom,
                  | Str+8}
 39896 | Depths:3 | Reached skill level 22 in Invocations
 39931 | Depths:3 | Found a magical portal.
 39936 | WizLab   | Entered Maxwell's Workshop
 40268 | WizLab   | Identified the ring of the Heavens {Fire rN++ Will+++ Str-2
                  | Int+3}
 40274 | WizLab   | Identified the ring "Hoiciete" {Fire rElec rN+}
 40299 | WizLab   | Reached XP level 23. HP: 101/119 MP: 37/39
 40328 | WizLab   | Identified the +4 leather armour of Irksome Liberty {Harm
                  | rC+}
 40338 | WizLab   | Identified the +1 cloak of Truth {-Cast rCorr Str+8 SInv}
 40345 | WizLab   | Identified the ring of Beomnyasch {Ice rPois}
 41302 | Depths:3 | Noticed Parghit
 41319 | Depths:3 | Killed Parghit
 41359 | Depths:3 | Received a gift from Nemelex Xobeh
 41649 | Depths:3 | Found a one-way gate to the infinite horrors of the Abyss.
 41685 | Depths:3 | Received a gift from Nemelex Xobeh
 41853 | Depths:3 | Identified the +2 scale mail "Fusaec" {rPois SInv}
 42092 | Depths:3 | Found a glowing golden altar of the Shining One.
 42141 | Depths:3 | Got the Papyrus of Excruciating Imprecation
 42243 | Depths:4 | Entered Level 4 of the Depths
 42279 | Depths:4 | Noticed Vv
 42448 | Depths:4 | Noticed a golden dragon
 42462 | Depths:4 | a golden dragon changed into a caustic shrike
 42462 | Depths:4 | Noticed a caustic shrike
 42472 | Depths:4 | Killed a caustic shrike
 42549 | Depths:4 | Noticed Xtahua
 42567 | Depths:4 | Killed Xtahua
 42710 | Depths:4 | Reached skill level 23 in Invocations
 42767 | Depths:4 | Killed Vv
 42827 | Depths:4 | Identified the +5 falchion of the World {distort, rC++
                  | Will+ Int-3 Dex+3}
 42873 | Depths:4 | Acquired a manual of Armour
 42892 | Depths:4 | Found a runed translucent gate.
 42893 | Depths:4 | Found a runed translucent gate.
 42893 | Depths:4 | Found a runed translucent gate.
 42920 | Depths:4 | Received a gift from Nemelex Xobeh
 43007 | Depths:4 | Found a gate to the Realm of Zot.
 43048 | Depths:4 | Found a one-way gateway to a ziggurat.
 44018 | Depths:4 | Found a one-way gateway to a ziggurat.
 44054 | Depths:4 | Found a gate to the Realm of Zot.
 44565 | Vaults:1 | Entered Level 1 of the Vaults
 44676 | Vaults:1 | Reached XP level 24. HP: 124/124 MP: 39/39
 44728 | Vaults:1 | Received a gift from Nemelex Xobeh
 44809 | Vaults:1 | Found Ezice's Book Shop.
 45052 | Vaults:1 | Received a gift from Nemelex Xobeh
 45565 | Vaults:1 | Received a gift from Nemelex Xobeh
 46260 | Vaults:2 | Reached skill level 24 in Invocations
 46529 | Vaults:2 | Reached skill level 15 in Armour
 46533 | Vaults:2 | Reached skill level 5 in Dodging
 46634 | Vaults:2 | Found a staircase to the Crypt.
 46634 | Vaults:2 | Found an ancient bone altar of Kikubaaqudgha.
 46635 | Vaults:2 | Found a basalt altar of Yredelemnul.
 46750 | Vaults:2 | You fall into a shaft and drop 1 floor!
 47025 | Vaults:3 | Received a gift from Nemelex Xobeh
 47495 | Vaults:3 | Reached XP level 25. HP: 119/131 MP: 40/40
 47614 | Vaults:3 | Received a gift from Nemelex Xobeh
 47881 | Vaults:3 | Found a portal to a secret trove of treasure.
 48624 | Vaults:4 | Received a gift from Nemelex Xobeh
 48945 | Vaults:4 | Received a gift from Nemelex Xobeh
 49108 | Vaults:4 | Reached ****** piety under Nemelex Xobeh
 49603 | Crypt:1  | Entered Level 1 of the Crypt
 49696 | Crypt:1  | Received a gift from Nemelex Xobeh
 49954 | Crypt:1  | Noticed Jory
 49965 | Crypt:1  | Killed Jory
 50106 | Crypt:1  | Found a runed translucent gate.
 50107 | Crypt:1  | Found a runed translucent gate.
 50108 | Crypt:1  | Found a runed translucent gate.
 50109 | Crypt:1  | Found an opulent altar of Gozag.
 50111 | Crypt:1  | Noticed Vailuoroe's ghost (veteran GrEE)
 50482 | Crypt:1  | Killed Vailuoroe's ghost
 50692 | Crypt:2  | Identified the +1 leather armour "Riomaf" {rN+ Str+2 Dex+4}
 50698 | Crypt:2  | Reached skill level 25 in Invocations
 50758 | Crypt:2  | Received a gift from Nemelex Xobeh
 50856 | Crypt:2  | Noticed Bai Suzhen
 50893 | Crypt:2  | Killed Bai Suzhen
 50902 | Crypt:2  | Reached XP level 26. HP: 123/139 MP: 38/40
 51125 | Crypt:2  | Received a gift from Nemelex Xobeh
 51445 | Crypt:2  | Received a gift from Nemelex Xobeh
 51488 | Crypt:3  | Entered Level 3 of the Crypt
 51960 | Crypt:3  | Received a gift from Nemelex Xobeh
 51962 | Crypt:3  | Found a staircase to the Tomb.
 52081 | Crypt:3  | Reached skill level 15 in Fighting
 52146 | Crypt:3  | Found an ancient bone altar of Kikubaaqudgha.
 52424 | Crypt:3  | Received a gift from Nemelex Xobeh
 52575 | Crypt:3  | Noticed an ancient lich
 52609 | Crypt:3  | Killed an ancient lich
 52648 | Crypt:3  | Got the Vademecum on United Impurities
 52659 | Crypt:3  | Identified the +6 hand axe of Context {antimagic, rF+
                  | Int+3}
 52668 | Crypt:3  | Identified the +1 scale mail "Jaotocoq" {Regen+ Dex+2}
 52723 | Crypt:3  | Got Kikubaaqudgha's Parchment of Despair
 52773 | Crypt:3  | Received a gift from Nemelex Xobeh
 52923 | Tomb:1   | Entered Level 1 of the Tomb of the Ancients
 53136 | Tomb:1   | Received a gift from Nemelex Xobeh
 53287 | Tomb:1   | Noticed a royal mummy
 53297 | Tomb:1   | Reached skill level 10 in Dodging
 53317 | Tomb:1   | Killed a royal mummy
 53629 | Tomb:1   | Noticed a royal mummy
 53738 | Tomb:1   | Killed a royal mummy
 53811 | Tomb:1   | Reached XP level 27. HP: 139/147 MP: 37/40
 53888 | Tomb:1   | Identified the +7 halberd of the Grave {antimagic, rN++}
 53948 | Tomb:1   | Noticed a royal mummy
 53994 | Tomb:1   | Killed a royal mummy
 54479 | Vaults:5 | Entered Level 5 of the Vaults
 54489 | Vaults:5 | Reached skill level 26 in Invocations
 54717 | Vaults:5 | Got a silver rune of Zot
 54979 | Vaults:5 | Identified the +3 battleaxe of Contumacious Integrity
                  | {flame, rCorr Str+2 Int-3 Dex+4}
 55152 | Vaults:5 | Received a gift from Nemelex Xobeh
 55203 | Vaults:5 | Identified the ring of Udidgh {Will+ Str+4}
 55203 | Vaults:5 | Noticed an ancient lich
 55214 | Vaults:5 | Killed an ancient lich
 55235 | Vaults:5 | Identified the +2 helmet of Integrity {rF- rC+ Str+5 SInv}
 55281 | Vaults:5 | Noticed a dread lich
 55292 | Vaults:5 | Killed a dread lich
 55330 | Vaults:5 | Noticed a dread lich
 55341 | Vaults:5 | Killed a dread lich
 55480 | Vaults:5 | Identified the +1 leather armour of the Tarantula {Rampage
                  | Dex+2 SInv}
 55591 | Vaults:5 | Identified the +5 glaive "Heujutarch" {flame, rPois Int+5}
 56216 | Slime:2  | Received a gift from Nemelex Xobeh
 56270 | Slime:5  | Entered Level 5 of the Pits of Slime
 56305 | Slime:5  | Noticed the Royal Jelly
 56357 | Slime:5  | Killed the Royal Jelly
 56581 | Slime:5  | Reached skill level 27 in Invocations
 56646 | Slime:5  | Identified the ring "Beomuwnu" {AC+4 Int+4 Dex+6}
 56647 | Slime:5  | Identified the ring "Juack" {MP+9 SInv}
 56664 | Slime:5  | Received a gift from Nemelex Xobeh
 56669 | Slime:5  | Identified the amulet "Sonah" {Reflect rF+ Int+2 SH+5}
 56680 | Slime:5  | Got a slimy rune of Zot
 56739 | Slime:5  | Identified the ring "Yriuc" {EV+5 SInv}
 56750 | Slime:5  | Got the Discourse on the Coals and the Spider
 56779 | Slime:5  | Noticed Dissolution
 56790 | Slime:5  | Killed Dissolution
 57292 | Slime:4  | Received a gift from Nemelex Xobeh
 58609 | Zot:1    | Entered Level 1 of the Realm of Zot
 58901 | Zot:1    | Received a gift from Nemelex Xobeh
 59286 | Zot:1    | Received a gift from Nemelex Xobeh
 59701 | Zot:1    | Identified the ring of Freedom {rN+ Str+6 Dex+5 SInv}
 60437 | Zot:2    | Received a gift from Nemelex Xobeh
 61474 | Zot:3    | Received a gift from Nemelex Xobeh
 62184 | Zot:4    | Received a gift from Nemelex Xobeh
 62779 | Zot:4    | Identified the +0 chain mail of Welucuru {rN+ Int+2}
 62967 | Zot:4    | Identified the +1 scale mail "Puusishrus" {rC+}
 63176 | Zot:5    | Entered Level 5 of the Realm of Zot
 63201 | Zot:5    | Noticed an orb of fire
 63207 | Zot:5    | Killed an orb of fire
 63999 | Zot:5    | Noticed a dread lich
 64010 | Zot:5    | Killed a dread lich
 64037 | Zot:5    | Noticed an orb of fire
 64041 | Zot:5    | Gained mutation: Your body sometimes deteriorates upon
                  | taking damage. [an orb of fire]
 64050 | Zot:5    | Killed an orb of fire
 64053 | Zot:5    | Noticed an orb of fire
 64057 | Zot:5    | Reached skill level 10 in Evocations
 64064 | Zot:5    | Killed an orb of fire
 64126 | Zot:5    | Noticed an ancient lich
 64131 | Zot:5    | Killed an ancient lich
 64167 | Zot:5    | Noticed an orb of fire
 64169 | Zot:5    | Gained mutation: Your spells are a little easier to cast,
                  | but a little less powerful. [an orb of fire]
 64175 | Zot:5    | Killed an orb of fire
 64212 | Zot:5    | Paralysed by a Zot trap for 3 turns
 64215 | Zot:5    | Noticed a dread lich
 64222 | Zot:5    | Killed a dread lich
 64223 | Zot:5    | Noticed a dread lich
 64236 | Zot:5    | Killed a dread lich
 64239 | Zot:5    | Noticed an orb of fire
 64239 | Zot:5    | Noticed an orb of fire
 64252 | Zot:5    | Killed an orb of fire
 64254 | Zot:5    | Gained mutation: You are dopey. (Int -2) [an orb of fire]
 64257 | Zot:5    | Killed an orb of fire
 64264 | Zot:5    | Received a gift from Nemelex Xobeh
 64378 | Zot:5    | Identified the +6 scale mail "Moan" {Str+2}
 64534 | Zot:5    | Got the Orb of Zot
 64692 | Depths:4 | Noticed Uneatt the pandemonium lord
 64788 | D:14     | Noticed a seraph
 64797 | D:14     | Killed a seraph
 65078 | D:$      | Escaped with the Orb!

Illustrated notes

Levels and vault maps discovered:
D:1:      eino_arrival_water_cross, layout_basic, serial_glass, glass_columns_b,
          glass_columns_b
D:2:      layout_basic, serial_shops, shop
D:3:      layout_basic, shapermc_ecumenical_altar_ellora, minivault_5,
          uniq_terence, uniq_natasha
D:4:      cheibrodos_greedy_goblins, layout_cave_pools, general_overflow_altar,
          serial_shops, nicolae_lakefront_shop, uniq_menkaure
D:5:      layout_basic, lemuel_doored_altar, zin_angel,
          minmay_temple_entry_statues, uniq_grinder, uniq_pikel
D:6:      layout_basic, nicolae_uskayaw_en_pointe, mainiacjoe_overflow_brackets
D:7:      layout_cave_pods, uniq_joseph
D:8:      cheibrodos_statue_roulette, layout_basic,
          nicolae_qazlal_scattered_showers, old_standard_altar, uniq_grum,
          uniq_maurice
D:9:      layout_irregular_city, mainiacjoe_overflow_tiny_flanked, uniq_maggie
D:10:     layout_small_grid, lemuel_round_altar,
          nicolae_kikubaaqudgha_miasma_corner, mainiacjoe_overflow_catwalk,
          lair_entry_dummy, glass_columns_b
D:11:     layout_basic
D:12:     layout_roguey, orc_0_dummy, serial_curves, eino_curves_04,
          eino_curves_02, uniq_fannar
D:13:     layout_cave_pods, david_vaults_3, minmay_misc_feat_hallway,
          uniq_snorg, uniq_erolcha
D:14:     minmay_expanding_squares, layout_rooms, infiniplex_staircase_9_rooms,
          uniq_azrael
D:15:     grunt_enter_depths_magical_seal, layout_long_grid,
          hangedman_decor_lopped, yredelemnul_forgotten_temple_becter
Temple:   jpeg_temple_clearing
Lair:1:   layout_cave_pods
Lair:2:   layout_regular_city, guppyfry_snake_entry_garden,
          gammafunk_ghost_necromancy, ldierk_geyser, nicolae_lair_lil_pond,
          serial_bayou_shore_b
Lair:3:   layout_loops_ring, shoals_dummy_entry, lemuel_fruit_fields, uniq_urug,
          uniq_nessos
Lair:4:   layout_layer_cave, nicolae_slime_entry_field_trip, grunt_megastairs_1
Lair:5:   grunt_lair_end_beastmaster, layout_gridlike, minmay_lair_oklob_bushes
Shoals:1: layout_shoals, nicolae_shoals_secluded_bog
Shoals:2: layout_shoals, portal_ice_cave_entry_pillars_three, serial_shops, shop
Shoals:3: layout_shoals, nicolae_shoals_so_close
Shoals:4: shoals_end_hellmonk_storm_palace [storm_palace_center_square,
          storm_palace_corner_grid, storm_palace_corner_altar,
          storm_palace_corner_grid, storm_palace_corner_pillars], serial_shops
Snake:1:  layout_honeycomb, minmay_shop_grove, uniq_rupert, uniq_josephine,
          uniq_nikola
Snake:2:  layout_rooms, grunt_megastairs_2, serial_bayou_shore_a
Snake:3:  layout_honeycomb, grunt_ministairs_14, nicolae_snake_serpentine_bazaar
Snake:4:  snake_pit, layout_onion_interference, gammafunk_ghost_cemetery,
          st_stairs_13, nicolae_snake_snake_lake
Slime:1:  layout_caves
Slime:2:  cheibrodos_slime_lost_civilization_2, layout_caves,
          nicolae_slime_phagocytosis
Slime:3:  layout_caves, basic_altar, nicolae_slime_rock_hall_of_fame
Slime:4:  layout_caves, cheibrodos_slime_lost_civilization_7
Slime:5:  uniq_dissolution
Orc:1:    layout_diamond_mine, kennysheep_orc_sif_temple
Orc:2:    kennysheep_orc_mage_school, layout_diamond_mine, uniq_saint_roka
Elf:1:    minmay_elf_arrival_plus, layout_geoelf_octagon, serial_shops,
          nicolae_shop_advertising_works [nicolae_subvault_shop_adworks],
          hellmonk_ghost_big_iron, minivault_28, hangedman_elf_represent
Elf:2:    nicolae_elf_blades_crystal_corner, layout_geoelf_octagon, uniq_roxanne
Elf:3:    minmay_elf_hall_not_hex, layout_geoelf_octagon, serial_shops, shop
Vaults:1: portal_desolation_entry_garden, nicolae_vaults_specimen_jars,
          hangedman_vaults_hat, grunt_vaults_hallway_long,
          nicolae_vaults_three_branches, nicolae_vaults_little_squares_3,
          v_alt_pattern_6, vaults_room_hallway, hangedman_vaults_corner_blocks,
          vaults_dpeg_encased_lava, layout_vaults_quadrants, serial_shops,
          nicolae_shop_stone
Vaults:2: v_misc_15, grunt_vaults_swirl, grunt_vaults_focal,
          hangedman_vaults_restitches, hangedman_vaults_stitches,
          grunt_vaults_trifunnel, vaults_dpeg_cross, vaults_room_corners,
          minmay_crypt_entry_necro_gods, grunt_vaults_funnel,
          ontoclasm_vaults_bender, ontoclasm_vaults_ligature,
          ontoclasm_vaults_pinch, ontoclasm_vaults_fault, vaults_room_door_ring,
          nicolae_vaults_an_arrangement, nicolae_vaults_little_squares_5,
          layout_vaults_maze
Vaults:3: v_misc_17, nicolae_vaults_little_squares_5, hangedman_vaults_impose,
          nicolae_vaults_little_squares_6, grunt_vaults_bifocal, v_misc_18,
          hangedman_vaults_pinch, v_misc_16, hangedman_vaults_capsules,
          vaults_room_pools, vaults_room_hangedman_quadrants, v_misc_12,
          layout_vaults_omnicross, enter_trove_6
Vaults:4: hangedman_vaults_stagger, nicolae_vaults_hallways_thing,
          vaults_mumra_hexcomb, vaults_mumra_hex,
          ontoclasm_vaults_loading_screen, vaults_dpeg_ring,
          ontoclasm_vaults_chip, hangedman_vaults_trim,
          nicolae_vaults_what_the_h, nicolae_vaults_little_squares_3,
          layout_vaults_big_room
Vaults:5
Crypt:1:  layout_gridlike, ebering_ghost_gozag, grunt_ministairs_10,
          small_chamber_with_monster, uniq_jory
Crypt:2:  layout_regular_city, palyth_stone_intersect, uniq_josephina,
          uniq_bai_suzhen
Crypt:3:  church_of_pain_bobbens, layout_chaotic_city,
          tomb_entry_forgotten_bobbens
Tomb:1
Depths:1: layout_gridlike, hell_entry, nicolae_eternal_life, minmay_holes,
          dreamdust_wishing_well, hangedman_abyss_or_decor_stabs,
          kennysheep_four_rooms, uniq_sojobo
Depths:2: emtedronai_trogs_sanctum, layout_long_grid, pan_entry, hell_entry
Depths:3: gammafunk_mikee_crab_dinner, layout_cave_pools,
          nicolae_tso_swordbearing_angel, mu_enter_wizlab_1,
          abyss_entry_small_statue_room, grunt_pan_entry_in_and_out, hell_entry,
          nicolae_keep_em_comin, minmay_staircase_statues, uniq_parghit,
          uniq_margery
Depths:4: grunt_twist_and_shout, layout_cave_pools, enter_ziggurat_e,
          pf_coc_iceberg, grunt_pan_entry_zigzag, hangedman_decor_growths,
          st_stairs_8, pandoras_box_mu, uniq_xtahua, uniq_vv
Zot:1:    grunt_zot_stairs_faceoff, layout_gridlike
Zot:2:    layout_basic
Zot:3:    kennysheep_oblong_rooms, layout_concentric_octagons
Zot:4:    lemuel_draconian_sentries_small, layout_basic
Zot:5:    layout_concentric_octagons, guppyfry_library_mini

Skill      XL: |  1  2  3  4  5  6  7  8  9 10 11 12 13 14 15 16 17 18 19 20 21 22 23 24 25 26 27 |
---------------+----------------------------------------------------------------------------------+-----
Polearms       | 2 3 4 5 6 7 8 10 12 13 14 16 17 18 19 20 21 22 23 24 | 24.0
Shields        | 3 4 5 |  5.0
Fighting       | 3 4 5 7 8 9 10 11 12 13 14 15 21 | 21.6
Dodging        | 2 3 5 8 10 | 10.0
Armour         | 3 4 5 7 8 9 10 11 13 15 16 17 22 | 22.1
Evocations     | 5 11 | 11.2
Stealth        | 4 9 10 | 10.0
Invocations    | 8 12 14 16 17 18 19 20 21 22 23 24 25 27 | 27.0

Action                     |  1- 3 |  4- 6 |  7- 9 | 10-12 | 13-15 | 16-18 | 19-21 | 22-24 | 25-27 || total
---------------------------+-------+-------+-------+-------+-------+-------+-------+-------+-------++-------
  Melee: Trident           |    68 |    37 |       |    52 |    33 |       |       |       |       ||   190
         Bite              |    11 |    20 |    89 |   191 |   230 |   245 |   162 |   614 |  1147 ||  2709
         Spear             |       |    94 |   307 |   225 |       |       |       |       |       ||   626
         Glaive            |       |       |       |   377 |    31 |       |       |       |       ||   408
         Punch             |       |       |       |     2 |     1 |       |       |       |       ||     3
         Bardiche          |       |       |       |       |   790 |  1198 |   843 |  1600 |  3114 ||  7545
  Throw: Throwing net      |       |     1 |     1 |       |       |       |       |       |       ||     2
         Dart              |       |       |     2 |       |     1 |       |       |       |       ||     3
 Invoke: Draw Destruction  |       |       |       |       |    15 |     6 |     6 |     2 |       ||    29
         Draw Summoning    |       |       |       |       |    11 |     5 |     3 |     3 |     4 ||    26
         Draw Escape       |       |       |       |       |     3 |       |       |     1 |     1 ||     5
         Deal Four         |       |       |       |       |     3 |     7 |     2 |     6 |     8 ||    26
         Triple Draw       |       |       |       |       |       |     3 |       |     3 |     5 ||    11
  Evoke: Wand              |       |       |       |    16 |    24 |    35 |    13 |     1 |     3 ||    92
         Condenser vane    |       |       |       |       |     3 |     1 |     2 |     3 |     7 ||    16
         Tin of tremorston |       |       |       |       |       |       |     2 |       |     4 ||     6
         Box of beasts     |       |       |       |       |       |       |       |     1 |     1 ||     2
         Phantom mirror    |       |       |       |       |       |       |       |     1 |     1 ||     2
         Lightning rod     |       |       |       |       |       |       |       |       |     6 ||     6
    Use: Scroll            |       |     2 |     6 |     9 |    10 |     8 |     8 |     8 |    10 ||    61
         Potion            |       |     1 |     4 |     5 |       |     3 |     2 |     2 |    12 ||    29
   Stab: Distracted        |       |       |     1 |     3 |     4 |     2 |    16 |     6 |     3 ||    35
         Sleeping          |       |       |       |    12 |     7 |       |       |       |       ||    19
         Petrified         |       |       |       |       |       |       |       |    12 |       ||    12
         Petrifying        |       |       |       |       |       |       |       |     6 |       ||     6
         Invisible         |       |       |       |       |       |       |       |       |    23 ||    23
 Armour: Scale mail        |    15 |    37 |    80 |       |       |       |       |       |       ||   132
         Leather armour    |       |       |     2 |    93 |       |       |       |       |       ||    95
         Troll leather arm |       |       |       |    60 |    97 |       |       |       |       ||   157
         Plate armour      |       |       |       |       |   170 |   262 |       |       |       ||   432
         Crystal plate arm |       |       |       |       |       |    86 |   245 |   471 |   777 ||  1579
  Dodge: Dodged            |    19 |    31 |    78 |   316 |   278 |   219 |    96 |   208 |   588 ||  1833
  Block: Buckler           |     5 |    20 |    45 |    29 |       |       |       |       |       ||    99
         Other             |       |       |       |       |       |    26 |    71 |   114 |   205 ||   416
         Reflection        |       |       |       |       |       |     3 |    19 |     7 |    13 ||    42

Table legend: (Time is in decaauts)
 A = Elapsed time spent in this place.
 B = Non-inter-level travel time spent in this place.
 C = Inter-level travel time spent in this place.
 D = Time resting spent in this place.
 E = Time spent auto-exploring this place.
 F = Levels seen in this place.
 G = Mean time per level.
                   A        B        C        D        E       F      G
               +--------+--------+--------+--------+--------+-----+--------+
         Total |  61114 |  54270 |   6844 |   4214 |  37502 |  59 | 1035.8 |
       Dungeon |  16457 |  13741 |   2716 |    715 |  10002 |  15 | 1097.1 |
        Temple |    133 |    116 |     17 |      0 |    105 |   1 |  133.0 |
          Lair |   6046 |   5372 |    674 |    236 |   3825 |   5 | 1209.2 |
        Shoals |   3545 |   3393 |    152 |    621 |   1894 |   4 |  886.2 |
     Snake Pit |   5064 |   4787 |    277 |    838 |   2921 |   4 | 1266.0 |
    Slime Pits |   2040 |   1816 |    224 |    104 |   1311 |   5 |  408.0 |
  Orcish Mines |   1766 |   1211 |    555 |      1 |    910 |   2 |  883.0 |
   Elven Halls |   3976 |   3448 |    528 |    329 |   2404 |   3 | 1325.3 |
        Vaults |   5934 |   5365 |    569 |     48 |   4160 |   5 | 1186.8 |
         Crypt |   2878 |   2662 |    216 |    146 |   1757 |   3 |  959.3 |
          Tomb |   1334 |   1215 |    119 |    182 |    692 |   1 | 1334.0 |
        Depths |   5032 |   4530 |    502 |    324 |   3146 |   4 | 1258.0 |
           Zot |   5443 |   5151 |    292 |    485 |   3622 |   5 | 1088.6 |
      Ice Cave |    822 |    822 |      0 |    112 |    467 |   1 |  822.0 |
        Wizlab |    638 |    638 |      0 |     67 |    282 |   1 |  638.0 |
               +--------+--------+--------+--------+--------+-----+--------+

Top non-repeatable levels by time:
 Snake:4: 2183 daAuts
     D:8: 1960 daAuts
Depths:4: 1937 daAuts
  Lair:2: 1880 daAuts
     D:7: 1676 daAuts
     D:2: 1641 daAuts
   Elf:3: 1520 daAuts
   Orc:2: 1339 daAuts
  Tomb:1: 1334 daAuts
  Lair:5: 1329 daAuts
   Zot:4: 1312 daAuts
   Elf:1: 1290 daAuts
    D:12: 1276 daAuts
Vaults:3: 1270 daAuts
Vaults:1: 1262 daAuts
